 Dungeon Crawl Stone Soup version 0.29-a0-422-gafbd6decc1 (webtiles) character file.

Game seed: 9020099778803238957

295 spiderkeys the Skirmisher (level 6, 0/66 HPs)
             Began as an Ogre Abyssal Knight on May 19, 2022.
             Was a Priest of Lugonu.
             Slain by an orc
             ... wielding a +0 trident
              (4 damage)
             ... on level 4 of the Dungeon.
             The game lasted 00:05:20 (3609 turns).

spiderkeys the Skirmisher (Ogre Abyssal Knight)     Turns: 3609, Time: 00:05:21

Health: 0/66       AC:  3    Str: 21 (24) XL:     6   Next: 34%
Magic:  9/9        EV: 10    Int: 13      God:    Lugonu [***...]
Gold:   86         SH:  0    Dex:  9      Spells: 4/9 levels left

rFire   . . .      SeeInvis .   a - +1 spear
rCold   . . .      Faith    .   (no shield)
rNeg    . . .      Spirit   .   b - +0 robe
rPois   +          Reflect  .   (helmet restricted)
rElec   .          Harm     .   (no cloak)
rCorr   .          Rampage  .   (gloves unavailable)
Will    .....                   (boots unavailable)
Stlth   +.........              (no amulet)
HPRegen 0.21/turn               S - +6 ring of strength
MPRegen 0.11/turn               P - ring of poison resistance

@: no status effects
A: large, unfitting armour, tough skin 1
a: Renounce Religion, Depart the Abyss, Bend Space, Banish


You were on level 4 of the Dungeon.
You worshipped Lugonu.
Lugonu was most pleased with you.
You visited 1 branch of the dungeon, and saw 4 of its levels.
You visited the Abyss 1 time.

You collected 86 gold pieces.


Innate Abilities, Weirdness & Mutations

You are too large for most types of armour.
You have tough skin. (AC +1)


   Skills:
 + Level 5.4 Fighting
 - Level 2.0(2.6) Polearms
 + Level 2.5(2.9) Staves
 + Level 3.3 Dodging
 + Level 2.1 Spellcasting
 + Level 0.3 Conjurations
 + Level 3.7 Invocations


You had 4 spell levels left.
You knew the following spells:

 Your Spells              Type           Power      Damage    Failure   Level
e - Ensorcelled Hibernat  Hex/Ice        2%         N/A       36%         2
m - Mephitic Cloud        Conj/Pois/Air  1%         N/A       58%         3

Your spell library contained the following spells:

 Spells                   Type           Power      Damage    Failure   Level
 Beastly Appendage        Tmut           2%         N/A       26%         1
 Wereblood                Tmut           1%         N/A       36%         2
 Gell's Gravitas          Tloc           1%         N/A       58%         3
 Ignite Poison            Fire/Tmut/Pois 1%         N/A       58%         3
 Spider Form              Tmut/Pois      1%         N/A       58%         3
 Teleport Other           Tloc           1%         N/A       58%         3
 Anguish                  Hex/Necr       0%         N/A       94%         4
 Freezing Cloud           Conj/Ice/Air   0%         6-21      100%        5
 Dispersal                Tloc           0%         N/A       100%        6

Inventory:

Hand Weapons
 a - a +1 spear (weapon)
Missiles
 d - 101 stones
Armour
 b - a +0 robe (worn)
 g - a +0 robe
   (You found it on level 1 of the Dungeon)
 i - a +0 robe
   (You found it on level 1 of the Dungeon)
Magical Staves
 n - a staff of fire {!a}
   (You found it on level 2 of the Dungeon)
Jewellery
 G - an amulet of guardian spirit
   (You found it on level 1 of the Dungeon)
 P - a ring of poison resistance (right hand)
   (You found it on level 3 of the Dungeon)
 S - a +6 ring of strength (left hand)
   (You found it on level 1 of the Dungeon)
Scrolls
 c - 3 scrolls of amnesia
 e - a scroll of magic mapping {unknown}
 l - a scroll of vulnerability {!r!r}
 o - a scroll of silence {!r}
 p - a scroll of fog
Potions
 f - 2 potions of curing {@q1}
 j - a potion of invisibility {unknown}
 k - a potion of attraction {!q}
 m - a potion of cancellation {unknown}

Dungeon Overview and Level Annotations

Branches:
Dungeon (4/15)
 Temple: D:4-7

Altars:

Annotations:
D:4 2 transporters, Gloober's ghost, amateur DsBr

..>....'...#######
.......#...#.....#
#......#####.....#
#....)...........#
#................#
#................#
+>...............#######
#......................#
#.....######...o@......#
#..... #.....{†....#
#..... #....o.)....#
#...........#
#...........#
#...........#
#.....#####... #.....#
.... #..... ...


You could see 2 orcs.


Message History

You take 2 damage, and now have 64/66 hp.
You hit the hobgoblin.
The hobgoblin hits you but does no damage.
You hit the hobgoblin.
You kill the hobgoblin!
Lugonu accepts your kill.
You see here a hobgoblin corpse.
You hit the orc. The orc barely misses you. 😕 HP[+1]
You barely miss the orc. The orc hits you but does no damage.
The orc hits you with a +0 war axe. 😕 HP[-4]
You take 4 damage, and now have 61/66 hp.
You hit the orc but do no damage. The orc closely misses you.
The orc wizard barely misses you. The orc hits you with a +0 club.
The orc hits you but does no damage. 😕 HP[-1]
You take 1 damage, and now have 60/66 hp.
You barely miss the orc. You hit the orc.
You kill the orc!
Lugonu accepts your kill. The orc misses you.
The orc wizard closely misses you. The orc barely misses you.
You miss the orc wizard. The orc closely misses you.
The orc wizard hits you with a +0 dagger.
The orc hits you from afar with a +0 trident. 😕 HP[-2]
You take 2 damage, and now have 58/66 hp.
You closely miss the orc wizard. The orc hits you with a +0 club.
The orc wizard hits you with a +0 dagger.
The orc misses you. 😕 HP[-4]
You take 4 damage, and now have 54/66 hp.
You closely miss the orc wizard. The orc wizard closely misses you.
The orc hits you but does no damage.
The orc hits you from afar with a +0 trident. 😕 HP[-2]
You take 2 damage, and now have 52/66 hp.
You hit the orc wizard but do no damage.
Your punch misses the orc wizard.
The orc wizard hits you with a +0 dagger.
The orc hits you with a +0 club. The orc misses you. 😮 HP[-5]
You take 5 damage, and now have 47/66 hp.
You barely miss the orc wizard.
You punch the orc wizard, but do no damage.
The orc wizard hits you but does no damage.
The orc barely misses you. The orc closely misses you.
You closely miss the orc wizard. The orc closely misses you.
The orc wizard hits you with a +0 dagger.
The orc closely misses you. 😮 HP[-3]
You take 3 damage, and now have 44/66 hp.
You closely miss the orc wizard. The orc barely misses you.
The orc wizard casts a spell at you.
You are confused.
The orc barely misses you.
You hit the orc wizard. The orc hits you with a +0 club.
The orc wizard hits you with a +0 dagger.
The orc hits you from afar with a +0 trident. 😮 HP[-4]
You take 4 damage, and now have 40/66 hp.
You miss the orc wizard.
The orc wizard hits you but does no damage.
The orc hits you with a +0 club.
The orc hits you from afar with a +0 trident. 😮 HP[-6]
You take 6 damage, and now have 34/66 hp.
You hit the orc wizard. The orc hits you with a +0 club.
* * * LOW HITPOINT WARNING * * *
The orc wizard hits you with a +0 dagger.
* * * LOW HITPOINT WARNING * * *
The orc hits you from afar with a +0 trident!
* * * LOW HITPOINT WARNING * * *
😨 HP[-12]
You take 12 damage, and now have 22/66 hp.
You closely miss the orc wizard. The orc hits you with a +0 club.
* * * LOW HITPOINT WARNING * * *
The orc wizard hits you but does no damage.
The orc hits you from afar with a +0 trident.
* * * LOW HITPOINT WARNING * * *
😱 HP[-9]
You take 9 damage, and now have 13/66 hp.
The orc attacks as you move away! The orc closely misses you.
You feel less confused. The orc hits you but does no damage.
The orc wizard casts a spell.
The orc wizard flickers and vanishes!
Deactivating autopickup; reactivate with Ctrl-A.
The orc hits you from afar with a +0 trident.
* * * LOW HITPOINT WARNING * * *
Something hits you.
* * * LOW HITPOINT WARNING * * *
😱 HP[-5]
You take 5 damage, and now have 8/66 hp.
You hit something. Something hits you.
* * * LOW HITPOINT WARNING * * *
The orc hits you from afar with a +0 trident.
You die...

Skill      XL: |  1  2  3  4  5  6 |
---------------+-------------------+-----
Staves         | 1 2 |  2.5
Spellcasting   | 1 2 |  2.1
Fighting       | 5 |  5.4
Dodging        | 3 |  3.3
Invocations    | 3 |  3.7
Polearms       | |  2.0
Conjurations   | |  0.3

Action                   |  1- 3 |  4- 6 || total
-------------------------+-------+-------++-------
Melee: Spear             |    92 |   205 ||   297
       Punch             |       |     5 ||     5
Throw: Stone             |       |     1 ||     1
 Cast: Ensorcelled Hiber |       |     2 ||     2
  Use: Potion            |       |     6 ||     6
       Scroll            |       |     4 ||     4
 Stab: Sleeping          |     1 |       ||     1
Armor: Robe              |    10 |    54 ||    64
Dodge: Dodged            |    33 |    98 ||   131

Levels and vault maps discovered:
D:1:      dpeg_arrival_orchard, layout_loops_ring, dreamdust_princess_corridor
D:2:      layout_loops_ring, shapermc_ecumenical_altar_petra, minmay_circle_x
D:3:      layout_rooms, grunt_ministairs_15, guppyfry_early_lair_pool
D:4:      minmay_evil_eye, layout_gridville, gammafunk_ghost_arena

Notes
Turn   | Place    | Note
-------+----------+-------------------------------------------
     0 | Abyss:1  | spiderkeys the Ogre Abyssal Knight began the quest for the
                  | Orb.
     0 | Abyss:1  | Reached XP level 1. HP: 24/24 MP: 2/2
     0 | Abyss:1  | magus.rc [v1.11.3]
    11 | D:1      | You pass through the gate.
    11 | D:1      | Escaped the Abyss
    35 | D:1      | You pick up a book of Dreams and begin reading...
    35 | D:1      | You add the spells Ensorcelled Hibernation, Spider Form and
                  | Anguish to your library.
   245 | D:1      | Reached XP level 2. HP: 30/32 MP: 3/3
   269 | D:1      | You add the spells Gell's Gravitas, Teleport Other and
                  | Dispersal to your library.
   621 | D:1      | Reached skill level 1 in Staves
  1131 | D:2      | Reached XP level 3. HP: 39/40 MP: 4/4
  1181 | D:2      | Learned a level 2 spell: Ensorcelled Hibernation
  1622 | D:2      | Reached XP level 4. HP: 38/49 MP: 6/6
  1991 | D:2      | Noticed a scorpion
  2028 | D:2      | Reached *** piety under Lugonu
  2029 | D:2      | Reached skill level 1 in Spellcasting
  2050 | D:2      | Killed a scorpion
  2051 | D:2      | Reached skill level 5 in Fighting
  2051 | D:2      | Reached skill level 2 in Staves
  2051 | D:2      | Reached skill level 3 in Dodging
  2051 | D:2      | Reached skill level 3 in Invocations
  2051 | D:2      | Reached XP level 5. HP: 33/57 MP: 7/7
  2284 | D:2      | Noticed a phantom
  2304 | D:2      | Killed a phantom
  2448 | D:2      | Found a faded altar of an unknown god.
  2689 | D:3      | Reached XP level 6. HP: 56/66 MP: 8/8
  2696 | D:3      | Reached skill level 2 in Spellcasting
  2702 | D:3      | You pick up a book of Changes and begin reading...
  2702 | D:3      | You add the spells Beastly Appendage and Wereblood to your
                  | library.
  2875 | D:3      | You add the spells Ignite Poison, Mephitic Cloud and
                  | Freezing Cloud to your library.
  2891 | D:3      | Learned a level 3 spell: Mephitic Cloud
  3342 | D:4      | Found a transporter.
  3344 | D:4      | Noticed Gloober's ghost (amateur DsBr)
  3347 | D:4      | Found a transporter.
  3606 | D:4      | HP: 13/66 [orc/+0 trident (6)]
  3609 | D:4      | HP: 4/66 [something (4)]
  3609 | D:4      | Slain by an orc

Vanquished Creatures
  A phantom (D:2)
  A scorpion (D:2)
  An iguana (D:4)
  2 adders
  4 gnolls
  A worm (D:3)
  2 dart slugs
  6 orcs
  5 ball pythons
  4 bats
  8 endoplasms
  3 giant cockroaches
  8 goblins
  5 hobgoblins
  3 quokkas
  3 frilled lizards (D:1)
  5 kobolds
  5 rats
67 creatures vanquished.

Vanquished Creatures (others)
  A fungus (D:2)
1 creature vanquished.

Grand Total: 68 creatures vanquished

Table legend:
 A = Non-vault XP
 B = Vault XP
 C = Vault XP percentage of total XP
 D = Non-vault monster count
 E = Vault monster count
 F = Vault count percentage of total count
                 A         B        C        D         E       F
            +---------+---------+-------+---------+---------+-------
      Total |     175 |     247 |  58.5 |      52 |      15 |  22.4
            +---------+---------+-------+---------+---------+-------
        D:1 |      47 |       0 |   0.0 |      19 |       0 |   0.0
        D:2 |      74 |     196 |  72.6 |      15 |       7 |  31.8
        D:3 |      46 |       4 |   8.0 |      15 |       2 |  11.8
        D:4 |       8 |      47 |  85.5 |       3 |       6 |  66.7
            +---------+---------+-------+---------+---------+-------

Illustrated notes

Table legend:
 A = Kills in this place as a percentage of kills in entire the game.
 B = Kills by you in this place as a percentage of kills by you in the entire game.
 C = Kills by friends in this place as a percentage of kills by friends in the entire game.
 D = Other kills in this place as a percentage of other kills in the entire game.
 E = Experience gained in this place as a percentage of experience gained in the entire game.
 F = Experience gained in this place divided by the number of levels of this place that you have seen.
                   A       B       C       D       E      F
               +-------+-------+-------+-------+-------+----------------------
         Total | 100.0 | 100.0 |   N/A |   N/A | 100.0 |  84.4
       Dungeon | 100.0 | 100.0 |   N/A |   N/A | 100.0 | 105.5
               +-------+-------+-------+-------+-------+----------------------

Table legend: (Time is in decaauts)
 A = Elapsed time spent in this place.
 B = Non-inter-level travel time spent in this place.
 C = Inter-level travel time spent in this place.
 D = Time resting spent in this place.
 E = Time spent auto-exploring this place.
 F = Levels seen in this place.
 G = Mean time per level.
                   A        B        C        D        E       F      G
               +--------+--------+--------+--------+--------+-----+--------+
         Total |   3610 |   3577 |     33 |    256 |   2738 |   5 |  722.0 |
       Dungeon |   3599 |   3566 |     33 |    256 |   2735 |   4 |  899.8 |
         Abyss |     11 |     11 |      0 |      0 |      3 |   1 |   11.0 |
               +--------+--------+--------+--------+--------+-----+--------+

Top non-repeatable levels by time:
     D:2: 1410 daAuts
     D:1: 1263 daAuts
     D:3: 628 daAuts
     D:4: 297 daAuts
 Abyss:1: 11 daAuts
